| Goals | Penalties |
No Goal
|
No Penalty
|
1. Condors , Cole Fonstad 5 (Walker Duehr 8) at 2:23 (PP)
2. Heat , Dryden Hunt 15 (Adam Fantilli 32, Casey Fitzgerald 19) at 2:39
3. Condors , Frank Nazar 12 (Brayden Pachal 9) at 2:45
|
Dryden Hunt (CAL) for Roughing (Minor) at 2:18 Navrin Mutter (EDM) for High sticking (Minor) at 5:53 Mackie Samoskevich (CAL) for Holding Stick (Minor) at 19:38
|
No Goal
|
No Penalty
|
|
Henrik Tikkanen (CAL), 8 saves from 10 shots - (0,800), L, 16-18-6, 60:00 minutes
Hunter Shepard (EDM), 6 saves from 7 shots - (0,857), W, 1-5-1, 60:00 minutes
|
|
1 - Frank Nazar (EDM)
2 - Cole Fonstad (EDM)
3 - Walker Duehr (EDM)
|
Referees : Jacob Brenk and Samantha Hiller
Linesman : Kendall Hanley and Diana Mokhova
|
|
| No Game Note
|
| Team Name |
Goals |
Shots |
Shots Attemp |
Shots Blocked |
PIM |
HIT |
PP |
PK |
FO% |
| Heat |
1 | 7 | 9 | 4 | 4 | 16 | 0 / 1 (0%) | 1 | 45% |
| Condors |
2 | 10 | 30 | 1 | 2 | 18 | 1 / 2 (50%) | 0 | 55% |
Heat
| Player Name |
POS |
G |
A |
P |
+/- |
PIM |
HIT |
SHT |
SB |
MP |
PP MP |
PP SHT |
PK MP |
PK SHT |
FO% |
FOT |
GA |
TA |
| Adam Fantilli | C | 0 | 1 | 1 | 0 | 0 | 0 | 3 | 0 | 20:31 | 1:02 | 0 | 1:16 | 0 | 33% |
9 | 1 | 0 |
| Adam Sykora | LW/RW | 0 | 0 | 0 | 0 | 0 | 0 | 1 | 0 | 16:24 | 0:46 | 0 | 0:35 | 0 | 0% |
0 | 0 | 0 |
| Adam Wilsby | D | 0 | 0 | 0 | 0 | 0 | 0 | 0 | 0 | 0:56 | 0:00 | 0 | 0:00 | 0 | 0% |
0 | 0 | 0 |
| Ben King | C | 0 | 0 | 0 | 0 | 0 | 0 | 0 | 0 | 16:37 | 0:25 | 0 | 1:11 | 0 | 50% |
4 | 1 | 0 |
| Casey Fitzgerald | D | 0 | 1 | 1 | 0 | 0 | 2 | 0 | 1 | 24:05 | 1:14 | 0 | 1:51 | 0 | 0% |
0 | 1 | 0 |
| Dmitri Samorukov | D | 0 | 0 | 0 | 0 | 0 | 1 | 0 | 0 | 15:11 | 0:03 | 0 | 0:00 | 0 | 0% |
0 | 0 | 0 |
| Dryden Hunt | LW/RW | 1 | 0 | 1 | 0 | 2 | 0 | 1 | 1 | 19:37 | 1:02 | 0 | 0:13 | 0 | 0% |
0 | 0 | 0 |
| Dysin Mayo | D | 0 | 0 | 0 | 0 | 0 | 0 | 0 | 0 | 12:06 | 0:00 | 0 | 0:00 | 0 | 0% |
0 | 0 | 0 |
| Filip Hallander | C | 0 | 0 | 0 | 0 | 0 | 0 | 0 | 0 | 17:15 | 0:48 | 0 | 0:00 | 0 | 60% |
5 | 0 | 0 |
| Henry Thrun | D | 0 | 0 | 0 | 1 | 0 | 3 | 1 | 1 | 21:23 | 1:09 | 0 | 0:50 | 0 | 0% |
0 | 0 | 1 |
| Hudson Elynuik | C/LW/RW | 0 | 0 | 0 | 0 | 0 | 1 | 1 | 0 | 18:38 | 0:47 | 0 | 0:13 | 0 | 0% |
0 | 0 | 0 |
| Jacob Moverare | D | 0 | 0 | 0 | 0 | 0 | 0 | 0 | 0 | 18:55 | 0:00 | 0 | 0:00 | 0 | 0% |
0 | 0 | 0 |
| Jayden Grubbe | C | 0 | 0 | 0 | 0 | 0 | 2 | 0 | 0 | 15:28 | 0:00 | 0 | 0:35 | 0 | 67% |
3 | 0 | 0 |
| Keaton Middleton | D | 0 | 0 | 0 | 0 | 0 | 2 | 0 | 1 | 20:10 | 0:00 | 0 | 0:13 | 0 | 0% |
0 | 0 | 0 |
| Luke Philp | C | 0 | 0 | 0 | 0 | 0 | 1 | 0 | 0 | 5:42 | 0:00 | 0 | 0:00 | 0 | 0% |
0 | 0 | 0 |
| Mackie Samoskevich | RW | 0 | 0 | 0 | 0 | 2 | 1 | 0 | 0 | 19:10 | 0:59 | 0 | 0:05 | 0 | 0% |
1 | 0 | 0 |
| Olen Zellweger | D | 0 | 0 | 0 | -1 | 0 | 1 | 0 | 0 | 19:19 | 0:50 | 0 | 0:00 | 0 | 0% |
0 | 0 | 0 |
| Robbie Russo | D | 0 | 0 | 0 | 0 | 0 | 2 | 0 | 0 | 16:27 | 0:50 | 0 | 1:14 | 0 | 0% |
0 | 0 | 0 |
Condors
| Player Name |
POS |
G |
A |
P |
+/- |
PIM |
HIT |
SHT |
SB |
MP |
PP MP |
PP SHT |
PK MP |
PK SHT |
FO% |
FOT |
GA |
TA |
| Brandon Scanlin | D | 0 | 0 | 0 | 0 | 0 | 2 | 0 | 0 | 16:42 | 0:31 | 0 | 0:56 | 0 | 0% |
0 | 0 | 0 |
| Brayden Pachal | D | 0 | 1 | 1 | 0 | 0 | 0 | 0 | 0 | 21:48 | 1:33 | 0 | 1:03 | 0 | 0% |
0 | 0 | 0 |
| Cole Fonstad | LW | 1 | 0 | 1 | 0 | 0 | 1 | 4 | 0 | 19:26 | 1:06 | 1 | 0:42 | 0 | 0% |
0 | 0 | 0 |
| Emilio Pettersen | C | 0 | 0 | 0 | 0 | 0 | 2 | 0 | 0 | 16:19 | 0:11 | 0 | 0:40 | 0 | 50% |
4 | 0 | 0 |
| Frank Nazar | C/RW | 1 | 0 | 1 | 0 | 0 | 2 | 1 | 0 | 18:47 | 0:58 | 0 | 0:24 | 0 | 50% |
6 | 0 | 0 |
| Hunter McKown | C | 0 | 0 | 0 | 0 | 0 | 1 | 1 | 0 | 16:11 | 0:00 | 0 | 0:24 | 0 | 0% |
1 | 0 | 0 |
| Jack St. Ivany | D | 0 | 0 | 0 | 0 | 0 | 0 | 1 | 0 | 11:59 | 0:00 | 0 | 0:00 | 0 | 0% |
0 | 0 | 0 |
| James Hamblin | C/RW | 0 | 0 | 0 | 0 | 0 | 0 | 0 | 1 | 19:21 | 1:06 | 0 | 0:53 | 0 | 67% |
6 | 0 | 0 |
| Jonathan Aspirot | D | 0 | 0 | 0 | 0 | 0 | 2 | 0 | 0 | 18:17 | 0:31 | 0 | 0:56 | 0 | 0% |
0 | 0 | 0 |
| Luke Toporowski | LW | 0 | 0 | 0 | 0 | 0 | 1 | 0 | 0 | 16:45 | 0:58 | 0 | 0:00 | 0 | 0% |
0 | 0 | 0 |
| Navrin Mutter | LW | 0 | 0 | 0 | 0 | 2 | 3 | 0 | 0 | 17:00 | 0:00 | 0 | 0:00 | 0 | 0% |
0 | 0 | 0 |
| Nick Blankenburg | D | 0 | 0 | 0 | 0 | 0 | 0 | 0 | 0 | 17:59 | 1:33 | 0 | 1:03 | 0 | 0% |
0 | 1 | 0 |
| Nick Wolff | D | 0 | 0 | 0 | 0 | 0 | 3 | 0 | 0 | 13:55 | 0:00 | 0 | 0:00 | 0 | 0% |
0 | 0 | 2 |
| Nikolai Knyzhov | D | 0 | 0 | 0 | 0 | 0 | 0 | 0 | 0 | 15:20 | 0:00 | 0 | 0:00 | 0 | 0% |
0 | 0 | 0 |
| Tristen Nielsen | C | 0 | 0 | 0 | 0 | 0 | 0 | 0 | 0 | 15:37 | 0:27 | 0 | 0:00 | 0 | 33% |
3 | 0 | 1 |
| Ville Ottavainen | D | 0 | 0 | 0 | 0 | 0 | 0 | 2 | 0 | 17:04 | 0:00 | 0 | 0:00 | 0 | 0% |
0 | 0 | 0 |
| Walker Duehr | RW | 0 | 1 | 1 | 0 | 0 | 1 | 1 | 0 | 20:27 | 1:26 | 0 | 0:55 | 0 | 100% |
2 | 0 | 0 |
| Zack Hayes | D | 0 | 0 | 0 | 0 | 0 | 0 | 0 | 0 | 5:03 | 0:00 | 0 | 0:00 | 0 | 0% |
0 | 0 | 0 |
Heat
| 5 vs 5 Forward |
|---|
| Line # | Left Wing | Center | Right Wing | PHY | DF | OF | Wanted % | Time % | Time Play |
| 1 | Mackie Samoskevich | Adam Fantilli | Dryden Hunt | 1 | 2 | 2 | 40 | 34% | 18:41
|
| 2 | Dryden Hunt | Filip Hallander | Adam Fantilli | 1 | 2 | 2 | 30 | 35% | 18:53
|
| 3 | Dryden Hunt | Adam Fantilli | Mackie Samoskevich | 1 | 2 | 2 | 20 | 14% | 7:36
|
| 4 | Mackie Samoskevich | Filip Hallander | Hudson Elynuik | 1 | 2 | 2 | 10 | 17% | 9:32
|
| 5 vs 5 Defense |
|---|
| Line # | Defense | Defense | | PHY | DF | OF | Wanted % | Time % | Time Play |
| 1 | Henry Thrun | Casey Fitzgerald | | 1 | 2 | 2 | 40 | 33% | 18:09
|
| 2 | Olen Zellweger | Casey Fitzgerald | | 1 | 2 | 2 | 30 | 20% | 10:41
|
| 3 | Jacob Moverare | Keaton Middleton | | 1 | 2 | 2 | 20 | 31% | 17:13
|
| 4 | Casey Fitzgerald | Robbie Russo | | 1 | 2 | 2 | 10 | 16% | 8:39
|
| Power Play Forward |
|---|
| Line # | Left Wing | Center | Right Wing | PHY | DF | OF | Wanted % | Time % | Time Play |
| 1 | Mackie Samoskevich | Adam Fantilli | Dryden Hunt | 1 | 2 | 2 | 60 | 60% | 1:11
|
| 2 | Mackie Samoskevich | Filip Hallander | Adam Fantilli | 1 | 2 | 2 | 40 | 40% | 0:48
|
| Power Play Defense |
|---|
| Line # | Defense | Defense | | PHY | DF | OF | Wanted % | Time % | Time Play |
| 1 | Casey Fitzgerald | Henry Thrun | | 1 | 2 | 2 | 60 | 58% | 1:09
|
| 2 | Casey Fitzgerald | Olen Zellweger | | 1 | 2 | 2 | 40 | 42% | 0:50
|
| Penalty Kill 4 Players Forward |
|---|
| Line # | Center | Wing | PHY | DF | OF | Wanted % | Time % | Time Play |
| 1 | Mackie Samoskevich | Adam Fantilli | 1 | 2 | 2 | 60 | 100% | 2:04
|
| 2 | Mackie Samoskevich | Adam Fantilli | 1 | 2 | 2 | 40 | 0% | 0:00
|
| Penalty Kill 4 Players Defense |
|---|
| Line # | Defense | Defense | PHY | DF | OF | Wanted % | Time % | Time Play |
| 1 | Henry Thrun | Casey Fitzgerald | 1 | 2 | 2 | 60 | 40% | 0:50
|
| 2 | Casey Fitzgerald | Robbie Russo | 1 | 2 | 2 | 40 | 60% | 1:14
|
| Penalty Kill 3 Players |
|---|
| Line # | Wing | PHY | DF | OF | Wanted % | Time % | Time Play | Defense | Defense | PHY | DF | OF | Wanted % | Time % | Time Play |
| 1 | Adam Fantilli | 1 | 2 | 2 | 60 | 0% | 0:00
| Henry Thrun | Casey Fitzgerald | 1 | 2 | 2 | 60 | 0% | 0:00
|
| 2 | Mackie Samoskevich | 1 | 2 | 2 | 40 | 0% | 0:00
| Casey Fitzgerald | Henry Thrun | 1 | 2 | 2 | 40 | 0% | 0:00
|
| 4 vs 4 Forward |
|---|
| Line # | Center | Wing | PHY | DF | OF | Wanted % | Time % | Time Play |
| 1 | Adam Fantilli | Mackie Samoskevich | 1 | 2 | 2 | 60 | 0% | 0:00
|
| 2 | Adam Fantilli | Mackie Samoskevich | 1 | 2 | 2 | 40 | 0% | 0:00
|
| 4 vs 4 Defense |
|---|
| Line # | Defense | | PHY | DF | OF | Wanted % | Time % | Time Play |
| 1 | Casey Fitzgerald | Jacob Moverare | 1 | 2 | 2 | 60 | 0% | 0:00
|
| 2 | Casey Fitzgerald | Keaton Middleton | 1 | 2 | 2 | 40 | 0% | 0:00
|
| Last Minutes Offensive |
|---|
| Left Wing | Center | Right Wing | Defense | Defense |
| Mackie Samoskevich | Adam Fantilli | Dryden Hunt | Henry Thrun | Casey Fitzgerald |
| Last Minutes Defensive |
|---|
| Left Wing | Center | Right Wing | Defense | Defense |
| Mackie Samoskevich | Adam Fantilli | Dryden Hunt | Henry Thrun | Casey Fitzgerald |
| Time |
|---|
| Total Forward | Total Defense | Last Minutes Offensive | Last Minutes Defensive |
| 60:00 |
60:00 |
1:15 | 0:00 |
| Extra Forwards |
|---|
| Normal | PowerPlay | Penalty Kill |
|
Adam Fantilli, Mackie Samoskevich, Filip Hallander | Mackie Samoskevich, Adam Fantilli | Adam Fantilli |
| Extra Defensemen |
|---|
| Normal | PowerPlay | Penalty Kill |
|
Casey Fitzgerald, Jacob Moverare, Olen Zellweger | Robbie Russo, Keaton Middleton | Casey Fitzgerald |
| Penalty Shots |
|---|
|
Mackie Samoskevich, Filip Hallander, Adam Fantilli, Dryden Hunt, Hudson Elynuik |
| Goalie |
|---|
| Henrik Tikkanen, Isaiah Saville |
| Scratches |
|---|
|
Bradley Marek (Healthy), Daniil Misyul (Healthy), Chase Pearson (Healthy), Lucas Ciona (Healthy), Hunter Drew (Healthy)
Sasha Pastujov (Healthy), Joseph Cramarossa (Healthy), Tye Felhaber (Healthy), Curtis Hall (Healthy), Greg Printz (Healthy)
Luka Burzan (Healthy), Ilya Solovyov (Healthy), Eemil Viro (Healthy), Tyson Kozak (Healthy), Cam Johnson (Healthy)
Beck Warm (Healthy), Dylan St. Cyr (Healthy) |
Condors
| 5 vs 5 Forward |
|---|
| Line # | Left Wing | Center | Right Wing | PHY | DF | OF | Wanted % | Time % | Time Play |
| 1 | Cole Fonstad | James Hamblin | Walker Duehr | 1 | 2 | 2 | 40 | 34% | 18:23
|
| 2 | Luke Toporowski | Frank Nazar | Walker Duehr | 1 | 2 | 2 | 30 | 31% | 16:51
|
| 3 | Navrin Mutter | Hunter McKown | James Hamblin | 1 | 2 | 2 | 20 | 23% | 12:35
|
| 4 | Frank Nazar | Emilio Pettersen | Hunter McKown | 1 | 2 | 2 | 10 | 13% | 6:54
|
| 5 vs 5 Defense |
|---|
| Line # | Defense | Defense | | PHY | DF | OF | Wanted % | Time % | Time Play |
| 1 | Brayden Pachal | Nick Blankenburg | | 1 | 2 | 2 | 40 | 28% | 15:23
|
| 2 | Brandon Scanlin | Jonathan Aspirot | | 1 | 2 | 2 | 30 | 28% | 15:09
|
| 3 | Ville Ottavainen | Jack St. Ivany | | 1 | 2 | 2 | 20 | 21% | 11:19
|
| 4 | Nick Wolff | Nikolai Knyzhov | | 1 | 2 | 2 | 10 | 24% | 12:52
|
| Power Play Forward |
|---|
| Line # | Left Wing | Center | Right Wing | PHY | DF | OF | Wanted % | Time % | Time Play |
| 1 | Cole Fonstad | James Hamblin | Walker Duehr | 1 | 2 | 2 | 60 | 53% | 1:06
|
| 2 | Luke Toporowski | Frank Nazar | Walker Duehr | 1 | 2 | 2 | 40 | 47% | 0:58
|
| Power Play Defense |
|---|
| Line # | Defense | Defense | | PHY | DF | OF | Wanted % | Time % | Time Play |
| 1 | Brayden Pachal | Nick Blankenburg | | 1 | 2 | 2 | 60 | 75% | 1:33
|
| 2 | Brandon Scanlin | Jonathan Aspirot | | 1 | 2 | 2 | 40 | 25% | 0:31
|
| Penalty Kill 4 Players Forward |
|---|
| Line # | Center | Wing | PHY | DF | OF | Wanted % | Time % | Time Play |
| 1 | Walker Duehr | James Hamblin | 1 | 2 | 2 | 60 | 80% | 1:35
|
| 2 | Frank Nazar | Hunter McKown | 1 | 2 | 2 | 40 | 20% | 0:24
|
| Penalty Kill 4 Players Defense |
|---|
| Line # | Defense | Defense | PHY | DF | OF | Wanted % | Time % | Time Play |
| 1 | Brayden Pachal | Nick Blankenburg | 1 | 2 | 2 | 60 | 53% | 1:03
|
| 2 | Brandon Scanlin | Jonathan Aspirot | 1 | 2 | 2 | 40 | 47% | 0:56
|
| Penalty Kill 3 Players |
|---|
| Line # | Wing | PHY | DF | OF | Wanted % | Time % | Time Play | Defense | Defense | PHY | DF | OF | Wanted % | Time % | Time Play |
| 1 | Walker Duehr | 1 | 2 | 2 | 60 | 0% | 0:00
| Brayden Pachal | Nick Blankenburg | 1 | 2 | 2 | 60 | 0% | 0:00
|
| 2 | James Hamblin | 1 | 2 | 2 | 40 | 0% | 0:00
| Brandon Scanlin | Jonathan Aspirot | 1 | 2 | 2 | 40 | 0% | 0:00
|
| 4 vs 4 Forward |
|---|
| Line # | Center | Wing | PHY | DF | OF | Wanted % | Time % | Time Play |
| 1 | Walker Duehr | James Hamblin | 1 | 2 | 2 | 60 | 0% | 0:00
|
| 2 | Frank Nazar | Hunter McKown | 1 | 2 | 2 | 40 | 0% | 0:00
|
| 4 vs 4 Defense |
|---|
| Line # | Defense | | PHY | DF | OF | Wanted % | Time % | Time Play |
| 1 | Brayden Pachal | Nick Blankenburg | 1 | 2 | 2 | 60 | 0% | 0:00
|
| 2 | Brandon Scanlin | Jonathan Aspirot | 1 | 2 | 2 | 40 | 0% | 0:00
|
| Last Minutes Offensive |
|---|
| Left Wing | Center | Right Wing | Defense | Defense |
| Cole Fonstad | James Hamblin | Walker Duehr | Brayden Pachal | Nick Blankenburg |
| Last Minutes Defensive |
|---|
| Left Wing | Center | Right Wing | Defense | Defense |
| Navrin Mutter | Tristen Nielsen | Cole Fonstad | Ville Ottavainen | Nikolai Knyzhov |
| Time |
|---|
| Total Forward | Total Defense | Last Minutes Offensive | Last Minutes Defensive |
| 60:00 |
60:00 |
0:00 | 1:14 |
| Extra Forwards |
|---|
| Normal | PowerPlay | Penalty Kill |
|
Tristen Nielsen, Emilio Pettersen, Navrin Mutter | Tristen Nielsen, Emilio Pettersen | Navrin Mutter |
| Extra Defensemen |
|---|
| Normal | PowerPlay | Penalty Kill |
|
Zack Hayes, Ville Ottavainen, Jack St. Ivany | Zack Hayes, Ville Ottavainen | Jack St. Ivany |
| Penalty Shots |
|---|
|
Walker Duehr, James Hamblin, Frank Nazar, Hunter McKown, Emilio Pettersen |
| Goalie |
|---|
| Hunter Shepard, Akira Schmid |
| Scratches |
|---|
|
Aidan Fulp (Healthy), Alexander True (Healthy), Connor Bunnaman (Healthy), Andre Lee (Healthy), Patrick Giles (Healthy)
Cole Krygier (Healthy), Filip Roos (Healthy), Jordan Frasca (Healthy), Vasili Ponomarev (Healthy), Yaniv Perets (Healthy)
Pavel Cajan (Healthy) |
Play-by-Play
1st period
0:01 of 1st period - James Hamblin wins face-off versus Adam Fantilli in neutral zone.
0:08 of 1st period - Wrist shot by James Hamblin.
0:08 of 1st period - Shot Misses the Net.
0:26 of 1st period - Henry Thrun is hit by Hunter McKown and loses puck.
1:09 of 1st period - Jonathan Aspirot is hit by Hudson Elynuik and loses puck.
1:13 of 1st period - Icing by Jonathan Aspirot.
1:14 of 1st period - Ben King wins face-off versus Frank Nazar in Condors zone.
1:45 of 1st period - Slapshot by Olen Zellweger.
1:45 of 1st period - Shot Blocked by James Hamblin.
3:50 of 1st period - Wrist shot by Emilio Pettersen.
3:50 of 1st period - Shot Misses the Net.
3:52 of 1st period - Slapshot by Emilio Pettersen.
3:52 of 1st period - Shot Misses the Net.
4:08 of 1st period - Dryden Hunt is hit by Cole Fonstad and loses puck.
6:45 of 1st period - Frank Nazar is hit by Olen Zellweger and loses puck.
8:53 of 1st period - Ben King is hit by Luke Toporowski and loses puck.
11:08 of 1st period - Jack St. Ivany is hit by Luke Philp and loses puck.
11:45 of 1st period - Emilio Pettersen is hit by Jayden Grubbe and loses puck.
12:32 of 1st period - Filip Hallander is hit by Navrin Mutter and loses puck.
13:19 of 1st period - Hudson Elynuik is hit by Brandon Scanlin and loses puck.
13:48 of 1st period - Emilio Pettersen is hit by Jayden Grubbe and loses puck.
14:33 of 1st period - Cole Fonstad is hit by Casey Fitzgerald and loses puck.
15:07 of 1st period - Ville Ottavainen is hit by Henry Thrun and loses puck.
15:58 of 1st period - Keaton Middleton is hit by Jonathan Aspirot and loses puck.
16:19 of 1st period - Adam Fantilli is hit by Frank Nazar and loses puck.
Goals for this period are 0 for Heat vs 0 for Condors.
Shots for this period are 0 for Heat vs 0 for Condors.
2nd period
0:01 of 2nd period - James Hamblin wins face-off versus Adam Fantilli in neutral zone.
0:10 of 2nd period - Wrist shot by Walker Duehr.
0:10 of 2nd period - Stopped by Henrik Tikkanen without a rebound.
0:11 of 2nd period - James Hamblin wins face-off versus Adam Fantilli in Heat zone.
0:12 of 2nd period - Snap shot by Cole Fonstad.
0:12 of 2nd period - Shot Blocked by Dryden Hunt.
0:18 of 2nd period - Snap shot by Adam Fantilli.
0:18 of 2nd period - Stopped by Hunter Shepard without a rebound.
0:19 of 2nd period - Adam Fantilli wins face-off versus James Hamblin in Condors zone.
1:00 of 2nd period - Snap shot by Adam Fantilli.
1:00 of 2nd period - Stopped by Hunter Shepard with a rebound.
1:26 of 2nd period - Walker Duehr is hit by Casey Fitzgerald and loses puck.
1:38 of 2nd period - Slapshot by Adam Fantilli.
1:38 of 2nd period - Stopped by Hunter Shepard without a rebound.
1:39 of 2nd period - Filip Hallander wins face-off versus Emilio Pettersen in Condors zone.
1:40 of 2nd period - Slapshot by Hudson Elynuik.
1:40 of 2nd period - Stopped by Hunter Shepard without a rebound.
1:41 of 2nd period - Filip Hallander wins face-off versus Emilio Pettersen in Condors zone.
1:48 of 2nd period - Snap shot by Adam Sykora.
1:48 of 2nd period - Stopped by Hunter Shepard without a rebound.
1:49 of 2nd period - Emilio Pettersen wins face-off versus Filip Hallander in Condors zone.
1:49 of 2nd period - Emilio Pettersen is hit by Keaton Middleton.
2:14 of 2nd period - Snap shot by Emilio Pettersen.
2:14 of 2nd period - Deflect By Frank Nazar.
2:14 of 2nd period - Shot Hit the Post.
2:14 of 2nd period - Puck is out of play.
2:15 of 2nd period - Adam Fantilli wins face-off versus Frank Nazar in Heat zone.
2:15 of 2nd period - Adam Fantilli is hit by Frank Nazar.
2:18 of 2nd period - Minor Penalty to Dryden Hunt for Roughing.
2:19 of 2nd period - Walker Duehr wins face-off versus Mackie Samoskevich in Heat zone.
2:21 of 2nd period - Slapshot by Walker Duehr.
2:21 of 2nd period - Shot Misses the Net.
2:23 of 2nd period - Wrist shot by Cole Fonstad.
2:23 of 2nd period - Goal by Cole Fonstad - Heat : 0 - Condors : 1.
2:24 of 2nd period - Frank Nazar wins face-off versus Adam Fantilli in neutral zone.
2:39 of 2nd period - Snap shot by Dryden Hunt.
2:39 of 2nd period - Goal by Dryden Hunt - Heat : 1 - Condors : 1.
2:40 of 2nd period - Frank Nazar wins face-off versus Adam Fantilli in neutral zone.
2:45 of 2nd period - Slapshot by Brayden Pachal.
2:45 of 2nd period - Deflect By Frank Nazar.
2:45 of 2nd period - Goal by Frank Nazar - Heat : 1 - Condors : 2.
2:46 of 2nd period - Adam Fantilli wins face-off versus Frank Nazar in neutral zone.
3:14 of 2nd period - Slapshot by Brayden Pachal.
3:14 of 2nd period - Deflect By James Hamblin.
3:14 of 2nd period - Shot Misses the Net.
3:14 of 2nd period - Puck is out of play.
3:15 of 2nd period - Filip Hallander wins face-off versus Hunter McKown in Heat zone.
5:08 of 2nd period - Snap shot by Navrin Mutter.
5:08 of 2nd period - Shot Misses the Net.
5:39 of 2nd period - Icing by Dmitri Samorukov.
5:40 of 2nd period - Emilio Pettersen wins face-off versus Ben King in Heat zone.
5:41 of 2nd period - Wrist shot by Cole Fonstad.
5:41 of 2nd period - Stopped by Henrik Tikkanen with a rebound.
5:53 of 2nd period - Minor Penalty to Navrin Mutter for High sticking.
5:54 of 2nd period - Walker Duehr wins face-off versus Adam Fantilli in Condors zone.
7:16 of 2nd period - Wrist shot by Cole Fonstad.
7:16 of 2nd period - Shot Misses the Net.
7:53 of 2nd period - Penalty to Navrin Mutter is over, Navrin Mutter is back on ice.
8:48 of 2nd period - Slapshot by Henry Thrun.
8:48 of 2nd period - Deflect By Emilio Pettersen.
8:48 of 2nd period - Stopped by Hunter Shepard with a rebound.
11:46 of 2nd period - Henry Thrun is hit by Walker Duehr and loses puck.
12:53 of 2nd period - Dmitri Samorukov is hit by Nick Wolff and loses puck.
13:16 of 2nd period - Robbie Russo is hit by Nick Wolff and loses puck.
15:27 of 2nd period - Ville Ottavainen is hit by Mackie Samoskevich.
19:38 of 2nd period - Minor Penalty to Mackie Samoskevich for Holding Stick.
19:39 of 2nd period - Ben King wins face-off versus James Hamblin in Heat zone.
Goals for this period are 1 for Heat vs 2 for Condors.
Shots for this period are 7 for Heat vs 4 for Condors.
3rd period
0:01 of 3rd period - James Hamblin wins face-off versus Ben King in neutral zone.
0:14 of 3rd period - Snap shot by James Hamblin.
0:14 of 3rd period - Shot Misses the Net.
0:16 of 3rd period - Snap shot by Cole Fonstad.
0:16 of 3rd period - Shot Misses the Net.
1:38 of 3rd period - Penalty to Mackie Samoskevich is over, Mackie Samoskevich is back on ice.
1:46 of 3rd period - Filip Hallander is hit by Brandon Scanlin and loses puck.
1:51 of 3rd period - Wrist shot by Hunter McKown.
1:51 of 3rd period - Stopped by Henrik Tikkanen with a rebound.
1:53 of 3rd period - Slapshot by Jack St. Ivany.
1:53 of 3rd period - Deflect By Henry Thrun.
1:53 of 3rd period - Stopped by Henrik Tikkanen with a rebound.
2:51 of 3rd period - Walker Duehr is hit by Robbie Russo and loses puck.
3:10 of 3rd period - Dmitri Samorukov is hit by Nick Wolff and loses puck.
3:55 of 3rd period - Ben King is hit by Jonathan Aspirot and loses puck.
5:43 of 3rd period - Frank Nazar is hit by Dmitri Samorukov.
7:01 of 3rd period - Snap shot by Dysin Mayo.
7:01 of 3rd period - Shot Misses the Net.
7:07 of 3rd period - Frank Nazar is hit by Henry Thrun and loses puck.
11:52 of 3rd period - Dysin Mayo is hit by Emilio Pettersen and loses puck.
14:10 of 3rd period - Icing by Filip Hallander.
14:11 of 3rd period - Frank Nazar wins face-off versus Filip Hallander in Heat zone.
14:32 of 3rd period - Casey Fitzgerald is hit by Navrin Mutter and loses puck.
15:18 of 3rd period - Nick Wolff is hit by Robbie Russo and loses puck.
16:05 of 3rd period - Nick Blankenburg is hit by Keaton Middleton and loses puck.
16:38 of 3rd period - Jacob Moverare is hit by Emilio Pettersen and loses puck.
17:01 of 3rd period - Walker Duehr is hit by Henry Thrun and loses puck.
18:53 of 3rd period - Slapshot by Tristen Nielsen.
18:53 of 3rd period - Shot Misses the Net.
18:55 of 3rd period - Snap shot by Tristen Nielsen.
18:55 of 3rd period - Shot Misses the Net.
18:57 of 3rd period - Backhand shot by Tristen Nielsen.
18:57 of 3rd period - Shot Blocked by Henry Thrun.
18:59 of 3rd period - Snap shot by Cole Fonstad.
18:59 of 3rd period - Shot Blocked by Keaton Middleton.
19:01 of 3rd period - Snap shot by Cole Fonstad.
19:01 of 3rd period - Stopped by Henrik Tikkanen without a rebound.
19:02 of 3rd period - Glen Gulutzan call a timeout for Heat.
19:02 of 3rd period - Tristen Nielsen wins face-off versus Jayden Grubbe in Heat zone.
19:17 of 3rd period - Jayden Grubbe is hit by Navrin Mutter and loses puck.
19:24 of 3rd period - Snap shot by Tristen Nielsen.
19:24 of 3rd period - Shot Misses the Net.
19:26 of 3rd period - Wrist shot by Ville Ottavainen.
19:26 of 3rd period - Shot Misses the Net.
19:28 of 3rd period - Snap shot by Cole Fonstad.
19:28 of 3rd period - Shot Misses the Net.
19:30 of 3rd period - Wrist shot by Navrin Mutter.
19:30 of 3rd period - Shot Misses the Net.
19:32 of 3rd period - Wrist shot by Cole Fonstad.
19:32 of 3rd period - Stopped by Henrik Tikkanen without a rebound.
19:33 of 3rd period - Jayden Grubbe wins face-off versus Tristen Nielsen in Heat zone.
19:44 of 3rd period - Snap shot by Tristen Nielsen.
19:44 of 3rd period - Shot Blocked by Casey Fitzgerald.
19:46 of 3rd period - Wrist shot by Ville Ottavainen.
19:46 of 3rd period - Stopped by Henrik Tikkanen with a rebound.
19:48 of 3rd period - Wrist shot by Ville Ottavainen.
19:48 of 3rd period - Stopped by Henrik Tikkanen without a rebound.
19:49 of 3rd period - Jayden Grubbe wins face-off versus Tristen Nielsen in Heat zone.
Goals for this period are 0 for Heat vs 0 for Condors.
Shots for this period are 0 for Heat vs 6 for Condors.